 Dungeon Crawl Stone Soup version 0.31-a0-232-gb1c03b2570 (webtiles) character file.

Game seed: 13405061397246756419

6 qw the Vexing (level 1, -3/12 HPs)
             Began as a Gargoyle Hexslinger on July 6, 2023.
             Slain by a gnoll
             ... wielding a +0 spear
              (6 damage)
             ... on level 1 of the Dungeon.
             The game lasted 00:00:05 (146 turns).

qw the Vexing (Gargoyle Hexslinger)                  Turns: 146, Time: 00:00:05

Health: -3/12      AC:  4    Str: 11    XL:     1   Next: 90%
Magic:  2/2        EV: 12    Int: 13    God:
Gold:   36         SH:  0    Dex: 12    Spells: 1/2 levels left

rFire   . . .        a - +1 sling
rCold   . . .        (no shield)
rNeg    + . .        c - +0 robe
rPois   inf          (no helmet)
rElec   +            (no cloak)
rCorr   .            (no gloves)
SInv    .            (no boots)
Will    .....        (no amulet)
Stlth   +            (no ring)
HPRegen 0.22/turn    (no ring)
MPRegen 0.08/turn

%: no passive effects
@: no status effects
A: sickness immunity, AC +2, negative energy resistance 1, electricity
resistance, torment resistance 1, petrification resistance
a: no special abilities


You were on level 1 of the Dungeon.
You visited 1 branch of the dungeon, and saw 1 of its levels.

You collected 36 gold pieces.


Innate Abilities, Weirdness & Mutations

You are immune to sickness and miasma.
Your stone body is resilient. (AC +2)
You are immune to poison.
You resist negative energy. (rN+)
You are resistant to electric shocks. (rElec)
You are resistant to unholy torment.
You are immune to petrification.


   Skills:
 - Level 1.1 Fighting
 + Level 2.6 Ranged Weapons
 - Level 1.5 Dodging
 - Level 1.0 Spellcasting
 - Level 2.6 Hexes


You had one spell level left.
You knew the following spells:

 Your Spells              Type           Power      Damage    Failure   Level
a - Slow                  Hex            28%        N/A       10%         1

Your spell library contained the following spells:

 Spells                   Type           Power      Damage    Failure   Level
 Inner Flame              Hex/Fire       4%         N/A       43%         3
 Portal Projectile        Hex/Tloc       8%         N/A       43%         3
 Cause Fear               Hex            3%         N/A       67%         4

Inventory:

Hand Weapons
 a - a +1 sling (weapon)
Armour
 c - a +0 robe (worn)
 e - a +0 leather armour
 f - a +0 cloak
 g - a +0 ring mail
Scrolls
 b - a scroll of poison
 d - a scroll of identify {unknown}
Potions
 h - 2 potions of curing {unknown}

Dungeon Overview and Level Annotations

Branches:
Dungeon (1/15)

Altars:

Shops:
D:1 =:(

Annotations:
D:1 exclusion: gnoll


Message History

Enter note:
95 ||| SHOPLISTING +8 storm bow {elec, penet} (758 gold, have 36).
You can access your shopping list by pressing '$'.
A hobgoblin comes into view.
Found 2 black potions and a robe.
The hobgoblin shouts!
Enter note: You shoot a sling bullet.
The sling bullet hits the hobgoblin.
You kill the hobgoblin!
g - a +0 ring mail
h - 2 black potions
Enter note:
Found an escape hatch in the floor.
Enter note:
There is an escape hatch in the floor here.
A gnoll comes into view. It is wielding a +0 spear.
The gnoll shouts!
The gnoll moves out of view.
Enter note:
Enter note:
Enter note:
Enter note: You shoot a sling bullet.
The sling bullet hits the gnoll.
The gnoll is lightly wounded.
The gnoll hits you from afar with a +0 spear.
You shoot a sling bullet. The sling bullet hits the gnoll.
The gnoll is lightly wounded.
The gnoll barely misses you.
You shoot a sling bullet. The sling bullet hits the gnoll.
The gnoll is heavily wounded.
The gnoll hits you from afar with a +0 spear.
Ouch! That really hurt!
Enter note:
Enter note:
Enter note:
146 ||| UPGRADING to +0 leather armour.
The gnoll hits you from afar with a +0 spear.
You stop removing your armour.
Ouch! That really hurt!
You die...

#.....# #..# #.#.#.# #.#
#.......#..####.#.#.###.#
.....................>..#
###..#####....########.#####
###............ ######.#
%#....>###..#.###...##.#
###....................#
.......###....#.....####
#.#...........g.@####
.....#.# .#.#.#..# .....# #
#..# .....### #..# .......#
#... .....#.# ##..
.....#.##. #.# .#........
#.# .....#....


You could see a gnoll.

Vanquished Creatures
  A ball python (D:1)
  A bat (D:1)
  An endoplasm (D:1)
  A hobgoblin (D:1)
  A kobold (D:1)
5 creatures vanquished.

Notes
Turn   | Place    | Note
-------+----------+-------------------------------------------
     0 | D:1      | qw the Gargoyle Hexslinger began the quest for the Orb.
     0 | D:1      | Reached XP level 1. HP: 12/12 MP: 2/2
     0 | D:1      | 0 ||| qw: Version: 0.3-a-46-gb1f654a
     0 | D:1      | 0 ||| qw: Game counter: 2130
     0 | D:1      | 0 ||| qw: Melee chars always use a shield: true
     0 | D:1      | 0 ||| qw: God list: Okawaru
     0 | D:1      | 0 ||| qw: Allow faded altars: false
     0 | D:1      | 0 ||| qw: Do Orc after clearing Dungeon:15 true
     0 | D:1      | 0 ||| qw: Do second Lair branch before Depths: true
     0 | D:1      | 0 ||| qw: Lair rune preference: random
     0 | D:1      | 0 ||| qw: Goals: Normal
     0 | D:1      | 0 ||| PLANNING D:1-11
    11 | D:1      | Found Mubyifil's Jewellery Emporium.
    29 | D:1      | 29 ||| SHOPLISTING +4 ring of slaying (1092 gold, have 8).
    29 | D:1      | 29 ||| SHOPLISTING +5 ring of evasion (504 gold, have 8).
    29 | D:1      | 29 ||| SHOPLISTING +6 ring of dexterity (504 gold, have 8).
    29 | D:1      | 29 ||| SHOPLISTING amulet of regeneration (420 gold, have
                  | 8).
    29 | D:1      | 29 ||| SHOPLISTING ring of ice (350 gold, have 8).
    29 | D:1      | 29 ||| SHOPLISTING ring of willpower (350 gold, have 8).
    80 | D:1      | Found Bodghos's Book Shop.
    87 | D:1      | Found Tish's Weapon Boutique.
    95 | D:1      | 95 ||| SHOPLISTING +8 storm bow {elec, penet} (758 gold,
                  | have 36).
   145 | D:1      | HP: 2/12 [gnoll/+0 spear (6)]
   146 | D:1      | 146 ||| UPGRADING to +0 leather armour.
   146 | D:1      | Slain by a gnoll

Levels and vault maps discovered:
D:1:      minmay_arrival_checkered_box, layout_basic, serial_shops, shop,
          nicolae_shop_gibbet_a_chance, shop, shop,
          nicolae_shop_pleasant_corner_grove

Action                     || total
---------------------------++-------
   Fire: Sling             ||    12
  Dodge: Dodged            ||     2

Table legend:
 A = Non-vault XP
 B = Vault XP
 C = Vault XP percentage of total XP
 D = Non-vault monster count
 E = Vault monster count
 F = Vault count percentage of total count
                 A         B        C        D         E       F
            +---------+---------+-------+---------+---------+-------
      Total |       9 |       0 |   0.0 |       5 |       0 |   0.0
            +---------+---------+-------+---------+---------+-------
        D:1 |       9 |       0 |   0.0 |       5 |       0 |   0.0
            +---------+---------+-------+---------+---------+-------
